 Dungeon Crawl Stone Soup version 0.29-a0-451-gfbfa42419e (console) character file.

Game seed: 17370174793787391429

84 om the Magician (level 4, -8/31 HPs)
             Began as a Djinni Venom Mage on May 19, 2022.
             Killed by divine providence
             ... invoked by an orc priest
              (15 damage)
             ... on level 3 of the Dungeon.
             The game lasted 00:07:09 (3858 turns).

om the Magician (Djinni Venom Mage)                 Turns: 3858, Time: 00:07:10

Health: -8/31      AC:  2    Str: 13    XL:     4   Next: 72%
Gold:   130        EV: 16    Int: 19    God:
                   SH:  0    Dex: 13

rFire   + + .      SeeInvis .   m - +2 dagger (speed)
rCold   x . .      Faith    .   (no shield)
rNeg    . . .      Spirit   .   a - +0 robe
rPois   ∞          Reflect  .   (no helmet)
rElec   .          Harm     .   (no cloak)
rCorr   .          Rampage  .   (no gloves)
Will    .....                   (boots unavailable)
Stlth   ++........              (no amulet)
HPRegen 0.10/turn               b - +6 ring of strength
MPRegen 0.00/turn               i - +4 ring of evasion

@: flying, very slightly contaminated
A: sickness immunity, fire resistance 2, cold vulnerability 1, float, innate
caster, HP casting, extra vitality 1
a: no special abilities


You were on level 3 of the Dungeon.
You visited 1 branch of the dungeon, and saw 3 of its levels.

You collected 130 gold pieces.

Inventory:

Hand Weapons
 j - a +0 vampiric dagger
 m - a +2 dagger of speed (weapon)
Armour
 a - a +0 robe (worn)
Jewellery
 b - a +6 ring of strength (left hand)
 i - a +4 ring of evasion (right hand)
 l - a ring of resist corrosion
Scrolls
 e - a scroll of fear
 h - a scroll of acquirement
Potions
 c - 2 potions of invisibility {unknown}
 d - 3 potions of might {unknown}
 g - 2 potions of brilliance
 k - 3 potions of flight {unknown}
 q - 2 potions of heal wounds {unknown}


   Skills:
 + Level 0.4 Fighting
 + Level 0.4 Short Blades
 + Level 2.4 Dodging
 + Level 2.0 Stealth
 * Level 3.5 Spellcasting


You couldn't memorise any spells.
You knew the following spells:

 Your Spells              Type           Power      Damage    Failure   Level
a - Sting                 Tmut/Pois      68%        1d6       3%          1
b - Poisonous Vapours     Pois/Air       34%        N/A       4%          2
c - Mephitic Cloud        Conj/Pois/Air  17%        N/A       10%         3
d - Olgreb's Toxic Radia  Pois           17%        N/A       32%         4
e - Summon Small Mammal   Summ           68%        N/A       3%          1
Your spell library was empty.

Dungeon Overview and Level Annotations

Branches:
Dungeon (3/15)

Altars:


Innate Abilities, Weirdness & Mutations

You are immune to sickness and miasma.
You are immune to poison.
Your flesh is very heat resistant. (rF++)
You are vulnerable to cold. (rC-)
You float through the air rather than walking.
You learn spells naturally, not from books.
Your magical power is your life essence.
You have superior vitality. (+4 MHP)


Message History

Nothing appears to happen.
The orc misses you.
Casting: Poisonous Vapours (safe; 4% risk of failure)
Confirm with . or Enter, or press ? or * to list all spells.
Aiming: Poisonous Vapours (safe; 4% risk of failure)
Press: ? - help, Dir - move target, f/p - orc priest
Aim: an orc priest, wielding a +0 hand axe Poisonous vapours surround the orc priest!
The orc priest is poisoned.
The orc misses you.
You completely miss the orc. The orc barely misses you.
Aiming: Sting (safe; 3% risk of failure)
Press: ? - help, Q - select action, (/) - cycle Shift-Dir - straight line, f/p - orc priest
Aim: an orc priest, wielding a +0 hand axe (lightly wounded, poisoned, 74% to hit)
The sting hits the orc priest.
The orc priest looks even sicker.
The orc priest is moderately wounded.
The orc priest casts a cantrip, but nothing happens.
The orc closely misses you.
You hit the orc priest.
The orc priest is heavily wounded.
The orc misses you. The orc priest misses you.
You hit the orc priest but do no damage.
The orc priest is heavily wounded.
You completely miss the orc priest.
The orc priest is heavily wounded.
The orc priest barely misses you. The orc closely misses you.
You hit the orc priest.
The orc priest is almost dead.
The orc barely misses you.
The orc priest hits you with a +0 hand axe!
* * * LOW HITPOINT WARNING * * *
Casting: Sting (safe; 3% risk of failure)
Confirm with . or Enter, or press ? or * to list all spells.
Aiming: Poisonous Vapours (safe; 4% risk of failure)
Press: ? - help, Dir - move target, f/p - orc priest
Aim: an orc priest, wielding a +0 hand axe (almost dead, very poisoned) Poisonous vapours surround the orc priest!
The orc priest looks even sicker.
* * * LOW HITPOINT WARNING * * *
The orc priest invokes the aid of Beogh against you.
Beogh smites you!
You die...

########## .........#
#.......# #..
.#.......# ######.#
#........####...##.##.
#....o@).....#.......
......o..###....##.#
##.......# #.#.###.#
######### #.#..##.#
#.......# #.#####.#
#.# #.####. #..#
#...... #.. #......


You could see an orc priest (very poisoned) and an orc.

Vanquished Creatures
  An orc wizard (D:3)
  2 adders
  2 dart slugs (D:2)
  An orc (D:3)
  3 ball pythons
  3 endoplasms
  A giant cockroach (D:2)
  6 goblins
  4 hobgoblins
  A jackal (D:2)
  2 frilled lizards
  2 kobolds
  8 rats
36 creatures vanquished.

Vanquished Creatures (others)
  4 toadstools (D:1)
4 creatures vanquished.

Grand Total: 40 creatures vanquished

Notes
Turn   | Place    | Note
-------+----------+-------------------------------------------
     0 | D:1      | om the Djinni Venom Mage began the quest for the Orb.
     0 | D:1      | Reached XP level 1. HP: 15/15 MP: 0/0
  1360 | D:1      | Reached XP level 2. HP: 19/21 MP: 0/0
  1733 | D:2      | Reached skill level 3 in Spellcasting
  2145 | D:2      | Reached XP level 3. HP: 24/25 MP: 0/0
  2145 | D:2      | Learned a level 1 spell: Summon Small Mammal
  3609 | D:3      | Identified a scroll of acquirement
  3755 | D:3      | Reached XP level 4. HP: 29/31 MP: 0/0
  3858 | D:3      | Killed from afar by an orc priest

Illustrated notes

Levels and vault maps discovered:
D:1:      dpeg_arrival_rooms_c, layout_basic, minmay_gold_behind_fungi
D:2:      kb_forest_paths, layout_loops_corners
D:3:      layout_loops_cross

Skill      XL: |  1  2  3  4 |
---------------+-------------+-----
Spellcasting   | 3 |  3.5
Stealth        | 2 |  2.0
Fighting       | |  0.4
Short Blades   | |  0.4
Dodging        | |  2.4

Action                   |  1- 3 |  4- 6 || total
-------------------------+-------+-------++-------
Melee: Unarmed           |     5 |       ||     5
       Dagger            |    54 |    18 ||    72
 Cast: Sting             |    24 |     2 ||    26
       Poisonous Vapours |     5 |     4 ||     9
  Use: Scroll            |     6 |       ||     6
 Stab: Sleeping          |     2 |     3 ||     5
Armor: Robe              |     9 |       ||     9
Dodge: Dodged            |    35 |    14 ||    49

Table legend: (Time is in decaauts)
 A = Elapsed time spent in this place.
 B = Non-inter-level travel time spent in this place.
 C = Inter-level travel time spent in this place.
 D = Time resting spent in this place.
 E = Time spent auto-exploring this place.
 F = Levels seen in this place.
 G = Mean time per level.
                   A        B        C        D        E       F      G
               +--------+--------+--------+--------+--------+-----+--------+
         Total |   3837 |   3694 |    143 |   1294 |   2026 |   3 | 1279.0 |
       Dungeon |   3837 |   3694 |    143 |   1294 |   2026 |   3 | 1279.0 |
               +--------+--------+--------+--------+--------+-----+--------+

Top non-repeatable levels by time:
     D:2: 1912 daAuts
     D:1: 1676 daAuts
     D:3: 247 daAuts
